 Dungeon Crawl Stone Soup version 0.19-a0-1216-g363869b (webtiles) character file.

1159 4thArraOfDagon the Insei (level 7, 0/51 HPs)
             Began as a Demigod Transmuter on Aug 23, 2016.
             Slain by a vampire mosquito (11 damage)
             ... on level 9 of the Dungeon.
             The game lasted 00:10:07 (2269 turns).

4thArraOfDagon the Insei (Demigod Transmuter)       Turns: 2269, Time: 00:10:07

Health: 0/51       AC:  3    Str: 13    XL:     7   Next: 95%
Magic:  10/17      EV: 17    Int: 26    God:
Gold:   228        SH:  0    Dex: 21    Spells: 4 memorised, 1 level left

rFire  . . .     SeeInvis .       - Unarmed
rCold  + . .     Gourm    .     p - troll hide {Purgy}
rNeg   . . .     Faith    .     (shield currently unavailable)
rPois  .         Spirit   .     (no helmet)
rElec  .         Dismiss  .     (no cloak)
rCorr  .         Reflect  .     (gloves currently unavailable)
MR     .....     Harm     .     u - +0 pair of boots {run}
Stlth  +++.......               (no amulet)
                                (no ring)
                                i - +3 ring of slaying

@: brilliant, agile, blade hands, very slightly contaminated, quick
A: cold resistance 1, high mp 1
a: End Transformation


You were on level 9 of the Dungeon.
You were hungry.
You had blades for hands.
You visited 1 branch of the dungeon, and saw 9 of its levels.
You also visited: Sewer.

You collected 228 gold pieces.

Inventory:

Missiles
 a - 12 arrows
Armour
 b - a +0 robe
 p - a troll hide (worn) {Purgy}
 u - a +0 pair of boots of running (worn)
 v - a +0 pair of gloves (melded)
Jewellery
 i - a +3 ring of slaying (left scythe-like blade)
Scrolls
 g - a scroll of random uselessness
 j - a scroll of remove curse
 m - a scroll of noise {unknown}
 o - a scroll of enchant armour {unknown}
 y - 2 scrolls of immolation
 A - a scroll of amnesia {unknown}
Potions
 e - a potion of might
 l - a potion of brilliance
 r - 2 potions of flight {unknown}
 s - a potion of haste {unknown}
 t - a potion of magic {unknown}
 z - a potion of degeneration {unknown}
Books
 c - a book of Changes

   Spells                             Type                      Level
   a - Beastly Appendage              Transmutation                1
   b - Sticks to Snakes               Transmutation                2
   c - Spider Form                    Transmutation/Poison         3
   d - Ice Form                       Ice/Transmutation            4
   e - Blade Hands                    Transmutation                5
Comestibles
 d - 2 bread rations
 f - 2 beef jerkies
 w - 2 meat rations


   Skills:
 - Level 0.8 Fighting
 - Level 1.7 Dodging
 * Level 6.7 Unarmed Combat
 + Level 4.4 Spellcasting
 + Level 4.7 Transmutations


You had one spell level left.
You knew the following spells:

 Your Spells              Type           Power        Failure   Level  Hunger
a - Beastly Appendage     Tmut           #####.       2%          1    None
b - Spider Form           Tmut/Pois      ####......   7%          3    ##.....
c - Blade Hands           Tmut           #####.....   17%         5    #####..
d - Ice Form              Ice/Tmut       ####....     14%         4    ####...


Dungeon Overview and Level Annotations

Branches:
Dungeon (9/15)             Temple (0/1) D:4
   Lair: D:8-11         Orc: D:9-12

Annotations:
D:1 exclusion: door
D:6 Torax's ghost, novice MfAK


Innate Abilities, Weirdness & Mutations

You have an increased reservoir of magic. (+10% MP)
Your flesh is cold resistant. (rC+)


Message History

Your +0 pair of gloves melds into your body.
The vampire mosquito bites you.
* * * LOW HITPOINT WARNING * * *
The vampire mosquito draws strength from your injuries!
Unknown command.
Okay, then.
Okay, then.
Unknown command.
The vampire mosquito misses you.
Unknown command.
The vampire mosquito barely misses you.
Unknown command.
The vampire mosquito bites you.
* * * LOW HITPOINT WARNING * * *
The vampire mosquito draws strength from your injuries!
The vampire mosquito misses you.
Unknown command.
The vampire mosquito's inner flame fades away.
The vampire mosquito bites you!
You die...

........#.. ###..##.....#...##
.......... #.....##........##
......y.. ###.....#####.#...##
........ ###..........##.#....#
......y# #.............#.#....#
.......# ####..####.....#####...#
.......###........###..### ##...
.......#.........y......)#####)##
........).......@y......)....))#
......###..##...####..####.....#
......###.###.................##
.................................
#################################


You could see 2 vampire mosquitoes.

Vanquished Creatures
  2 vampire mosquitoes (D:9)
  Purgy (Sewer)
  A black bear (D:6)
  2 sky beasts
  2 ogres
  3 crimson imps
  5 orc wizards (D:9)
  2 worker ants
  A hound skeleton (D:7)
  3 adders
  An ooze (D:3)
  A worm (D:2)
  2 dart slugs
  6 orcs
  2 bats
  5 giant cockroaches
  3 goblins
  4 hobgoblins
  2 jackals (Sewer)
  A quokka (D:4)
  A giant gecko skeleton (D:8)
  A jackal zombie (D:5)
  8 kobolds
  4 rats
63 creatures vanquished.

Notes
Turn   | Place    | Note
-------+----------+-------------------------------------------
     0 | D:1      | 4thArraOfDagon the Demigod Transmuter began the quest for the Orb.
     0 | D:1      | Reached XP level 1. HP: 15/15 MP: 5/5
   148 | D:1      | Reached skill level 3 in Unarmed Combat
   148 | D:1      | Reached XP level 2. HP: 16/22 MP: 4/7
   427 | D:2      | Gained mutation: Your flesh is cold resistant. (rC+) [potion of beneficial mutation]
   749 | D:4      | Noticed an ogre
   796 | D:5      | Entered Level 5 of the Dungeon
   796 | D:5      | Noticed an ice beast
   800 | D:6      | Noticed a sky beast
   800 | D:6      | Noticed a black bear
   823 | D:5      | Reached XP level 3. HP: 20/27 MP: 7/9
   845 | D:5      | Learned a level 3 spell: Spider Form
   960 | D:4      | Found a staircase to the Ecumenical Temple.
   969 | D:4      | Killed an ogre
   969 | D:4      | Reached skill level 4 in Unarmed Combat
   969 | D:4      | Reached XP level 4. HP: 34/34 MP: 0/10
   969 | D:4      | Reached XP level 5. HP: 39/39 MP: 0/12
  1063 | D:3      | Learned a level 5 spell: Blade Hands
  1271 | D:6      | Killed a black bear
  1279 | D:6      | Killed a sky beast
  1279 | D:6      | Reached XP level 6. HP: 9/46 MP: 8/13
  1328 | D:6      | Found a glowing drain.
  1344 | Sewer    | Entered a sewer
  1449 | Sewer    | Noticed Purgy
  1465 | Sewer    | Killed Purgy
  1465 | Sewer    | Reached skill level 5 in Unarmed Combat
  1485 | Sewer    | Identified a +0 pair of boots of running (You found it in a sewer)
  1776 | D:6      | Noticed Torax's ghost (novice MfAK)
  1829 | D:7      | Reached XP level 7. HP: 44/51 MP: 11/15
  1860 | D:7      | Learned a level 4 spell: Ice Form
  2116 | D:9      | Reached skill level 6 in Unarmed Combat
  2255 | D:9      | brillant
  2269 | D:9      | Slain by a vampire mosquito

Vault maps used:
D:1:      dpeg_arrival_prison
D:2:      serial_curves, eino_curves_01, eino_curves_04, eino_curves_03,
          eino_curves_03, first_bread, lexackson_kobold_supper, uniq_robin
D:3:      grunt_temple_overflow_gold_and_silver
D:4:      minmay_misc_feat_more_columns
D:5:      lemuel_insect_pit, lemuel_round_altar, serial_shops,
          nicolae_shop_competitors_out_of_business, wad_floor_pattern_untrapped
D:6:      nicolae_whirlpool, trog_eyes_of_draining, portal_sewer_entry_d,
          led_sif_pool, uniq_menkaure
D:7:      serial_bayou, serial_bayou_pond_c, serial_bayou_pond_d,
          serial_bayou_lake_a, serial_bayou_shore_b,
          nicolae_qazlal_general_emergency
D:9:      minmay_flawed_box, lemuel_doored_altar
Sewer:    sewer_the_crocodile

Skill      XL: |  1  2  3  4  5  6  7 |
---------------+----------------------+-----
Transmutations | 2 3 4 |  4.7
Spellcasting   | 2 3 4 |  4.4
Unarmed Combat | 3 4 5 6 |  6.7
Fighting       | |  0.8
Dodging        | |  1.7

Action                   |  1- 3 |  4- 6 |  7- 9 || total
-------------------------+-------+-------+-------++-------
Melee: Unarmed           |    94 |    55 |    55 ||   204
       Kick              |     5 |       |       ||     5
       Headbutt          |     4 |       |       ||     4
       Punch             |       |       |     1 ||     1
 Cast: Beastly Appendage |    13 |     1 |       ||    14
       Spider Form       |     1 |     9 |     5 ||    15
       Blade Hands       |       |       |     2 ||     2
  Use: Potion            |     4 |     1 |     6 ||    11
       Scroll            |     4 |     1 |     5 ||    10
 Stab: Sleeping          |     1 |       |       ||     1
  Eat: Chunk             |       |     2 |       ||     2
       Fruit             |       |     3 |       ||     3
       Beef jerky        |       |       |     1 ||     1
Armor: Robe              |    20 |     2 |       ||    22
       Skin              |       |     3 |     3 ||     6
       Troll hide        |       |       |     5 ||     5
Dodge: Dodged            |    59 |    53 |    50 ||   162
